Map: Tokamak LE

Players

SubN

  • Race: Zerg Zerg
  • League: Diamond
  • Spawn Location: 7:00

CaMaX - Winner!

  • Race: Protoss Protoss
  • League: Diamond
  • Spawn Location: 1:00

VOD

Have the link to the VOD?

Description

Time

  • Played on: July 31, 2025, 1:12 p.m.
  • Length: 1:55
Show
View Real Time Build Order
Export as new Build Order

SubN Zerg 

Build Orders: Hatch First 

Get SALT Encoding   

  12  0:00  Drone  
  13  0:10  Drone  
  14  0:14  Extractor  
  14  0:15  Drone  
  15  0:25  Overlord  
  15  0:49  Hatchery  
  14  0:55  Drone  
  14  0:57  Drone  
  16  0:58  Drone  
  17  1:16  Spawning Pool  
  16  1:21  Drone  
Show
View Real Time Build Order
Export as new Build Order

CaMaX Protoss - Winner!

Build Orders: Cannon Rush 

Get SALT Encoding   

  12  0:00  Probe  
  13  0:14  Probe  
  13  0:17  Pylon  
  14  0:23  Probe  
  15  0:33  Probe  
  16  0:42  Forge  
  16  0:45  Probe  
  17  0:58  Probe, Assimilator  
  17  1:00  Assimilator  
  18  1:06  Pylon  
  18  1:13  Pylon  
  18  1:25  Photon Cannon  
  18  1:32  Photon Cannon  
  18  1:43  Photon Cannon  
  18  1:52  Photon Cannon  
Tags
 
Add a new tag
Caveats
  • Supply blocks, unpowered buildings, or Contaminate may cause inaccurate times.
  • Supply counts are checked every 10 seconds.